 Dungeon Crawl Stone Soup version 0.16-a0-296-gbdb9f68 (webtiles) character file.

91 Kashira the Sneak (level 4, -4/37 HPs)
             Began as a Naga Enchanter on Aug 29, 2014.
             Slain by a mummy (9 damage)
             ... in an ossuary.
             The game lasted 00:14:00 (2790 turns).

Kashira the Sneak (Naga Enchanter)                  Turns: 2790, Time: 00:14:00

HP  -4/37        AC  3     Str 10      XL: 4   Next: 57%
MP   4/8         EV 10     Int 15      God:
Gold 127         SH  0     Dex 13      Spells:  3 memorised,  3 levels left

rFire  . . .     SeeInvis +     a - +2 dagger
rCold  . . .     Clarity  .     b - +1 robe
rNeg   . . .     rCorr    .     (no shield)
rPois  +         rRot     .     (no helmet)
rElec  .         Spirit   .     (no cloak)
SustAb .         Warding  .     (no gloves)
rMut   .         Stasis   .     (no barding)
Gourm  .                        (no amulet)
MR     .....                    (no ring)
                                (no ring)

@: very slow, not resistant to hostile enchantments, fairly stealthy
A: spit poison, see invisible, deformed body, poison resistance, slowness 2, AC
+1
a: Spit Poison


You were in an ossuary.
You were not hungry.

You visited 1 branch of the dungeon, and saw 4 of its levels.
You also visited: Ossuary.

You collected 127 gold pieces.

Inventory:

Hand weapons
 a - a +2 dagger (weapon)
 f - a cursed -2 long sword
 q - a cursed +0 dagger
 r - a +0 hunting sling
Missiles
 p - 6 javelins of returning
 s - 4 javelins (quivered)
Armour
 b - a +1 robe (worn)
Magical devices
 l - a wand of fireball (5)
Comestibles
 d - a bread ration
 g - 5 fruits
Scrolls
 e - a scroll of enchant weapon
 h - a scroll of remove curse
 i - a scroll of recharging
 j - 4 scrolls of identify {unknown}
 m - a scroll of fog {unknown}
 t - 2 scrolls of noise {unknown}
Jewellery
 o - an uncursed ring of protection from fire {unknown}
Potions
 k - a potion of brilliance {unknown}
Books
 c - a book of Maledictions

   Spells                             Type                      Level
   *Corona                            Hexes                        1
   *Sure Blade                        Hexes/Charms                 2
   *Ensorcelled Hibernation           Hexes/Ice                    2
   Confuse                            Hexes                        3
   Dazzling Spray                     Conjuration/Hexes            3
   Enslavement                        Hexes                        4


   Skills:
 + Level 0.4 Fighting
 + Level 1.2 Short Blades
 + Level 0.5 Throwing
 + Level 2.1 Dodging
 + Level 5.1 Stealth
 + Level 2.6 Spellcasting
 + Level 3.5 Hexes
 + Level 0.4 Charms
 + Level 0.8 Ice Magic


You had 3 spell levels left.
You knew the following spells:

 Your Spells              Type           Power        Failure   Level  Hunger
a - Corona                Hex            ##.....      6%          1    #......
b - Ensorcelled Hibernat  Hex/Ice        #.....       14%         2    ##.....
c - Sure Blade            Hex/Chrm       #.........   14%         2    ##.....


Dungeon Overview and Level Annotations

Branches:
Dungeon (4/15)
 Temple: D:4-7

Altars:

Annotations:
D:3 Sigmund


Innate Abilities, Weirdness & Mutations

You cannot wear boots.
You can spit poison.
Your serpentine skin is tough (AC +1).
You have supernaturally acute eyesight.
Armour fits poorly on your strangely shaped body.
Your system is resistant to poisons.
You cover ground very slowly.


Message History

Casting: Sure Blade
Confirm with . or Enter, or press ? or * to list all spells.
You can't see any susceptible monsters within range! (Use Z to cast anyway.)
Casting: Sure Blade
Confirm with . or Enter, or press ? or * to list all spells.
Aiming: Corona
Press: ? - help, Shift-Dir - straight line, f - mummy
Aim: a mummy The mummy is outlined in light.
You hit the mummy but do no damage. The bond with your blade fades away.
You hit the mummy.
The mummy is moderately damaged.
The mummy closely misses you.
You hit the mummy.
The mummy is moderately damaged.
You hit the mummy.
The mummy is heavily damaged.
The mummy hits you!
You die...

###################
.........∩..........
Z.........@M.........
.......#####.........
....................
...................
#...............##.
... ...............#
...#
.................
...#
..................
#..#
...................
#..#


You could see a mummy.

Vanquished Creatures
  A big kobold zombie (Ossuary)
  A mummy (Ossuary)
  2 adders (D:2)
  A worm (D:2)
  An adder zombie (Ossuary)
  An ooze (D:3)
  2 orcs (D:4)
  A ball python (D:1)
  2 giant cockroaches
  5 hobgoblins
  A quokka (D:2)
  7 bats
  A giant newt (D:1)
  7 goblins
  4 kobolds
  2 rats (D:1)
39 creatures vanquished.

Vanquished Creatures (others)
  A hobgoblin zombie (Ossuary)
  An orc zombie (Ossuary)
2 creatures vanquished.

Grand Total: 41 creatures vanquished

Notes
Turn   | Place    | Note
--------------------------------------------------------------
     0 | D:1      | Kashira, the Naga Enchanter, began the quest for the Orb.
     0 | D:1      | Reached XP level 1. HP: 15/15 MP: 3/3
   319 | D:1      | Reached XP level 2. HP: 17/22 MP: 4/4
   474 | D:1      | Learned a level 2 spell: Ensorcelled Hibernation
   477 | D:1      | Learned a level 2 spell: Sure Blade
  1033 | D:2      | Reached XP level 3. HP: 28/28 MP: 2/6
  1125 | D:2      | Reached skill level 5 in Stealth
  1945 | D:3      | Noticed Sigmund
  1966 | D:4      | Reached XP level 4. HP: 16/36 MP: 4/8
  2416 | D:4      | Found a sand-covered staircase.
  2425 | Ossuary  | Entered an ossuary
  2790 | Ossuary  | Slain by a mummy

Action                   |  1- 3 |  4- 6 || total
-------------------------+-------+-------++-------
Melee: Dagger            |   101 |    70 ||   171
Throw: Javelin           |    14 |     1 ||    15
 Cast: Corona            |     9 |     3 ||    12
       Ensorcelled Hiber |     8 |     4 ||    12
       Sure Blade        |     6 |     5 ||    11
Evoke: Wand              |       |     1 ||     1
  Use: Scroll            |       |     7 ||     7
       Potion            |       |     2 ||     2
 Stab: Sleeping          |     5 |       ||     5
  Eat: Bread ration      |     1 |     1 ||     2
